 Dungeon Crawl Stone Soup version 0.21.0-3-g78d12a8 (webtiles) character file.

39507 inmateoo the Fencer (level 14, -14/103 HPs)
             Began as a Human Fighter on Jan 11, 2018.
             Was a High Priest of Yredelemnul.
             Shot with an arrow by Nessos (24 damage)
             ... on level 5 of the Lair of Beasts.
             The game lasted 00:38:11 (18013 turns).

inmateoo the Fencer (Human Fighter)                Turns: 18013, Time: 00:38:11

Health: -14/103    AC: 17    Str: 18    XL:     14   Next: 39%
Magic:  18/18      EV: 15    Int:  4    God:    Yredelemnul [*****.]
Gold:   1158       SH:  0    Dex: 19    Spells: 5/13 levels left

rFire    + . .     SeeInvis +   a - +1 scimitar (slice)
rCold    + . .     Gourm    .   (no shield)
rNeg     . . .     Faith    .   L - +3 chain mail {rF+}
rPois    .         Spirit   .   (no helmet)
rElec    .         Reflect  .   B - +1 cloak
rCorr    .         Harm     .   j - +0 pair of gloves
MR       +....                  z - +0 pair of boots
Stlth    ..........             u - amulet of regeneration
HPRegen  0.67/turn              R - ring of protection from cold
MPRegen  0.16/turn              T - ring of Zaafeol {+Inv Int-5 Dex+3 Slay+3 SInv}

@: very slightly contaminated
A: no striking features
a: Recall Undead Slaves, Injury Mirror, Animate Dead, Drain Life, Enslave Soul,
Renounce Religion, Evoke Invisibility


You were on level 5 of the Lair of Beasts.
You worshipped Yredelemnul.
Yredelemnul was extremely pleased with you.
You were not hungry.

You visited 3 branches of the dungeon, and saw 17 of its levels.
You also visited: Ice Cave and Volcano.

You collected 1158 gold pieces.

Inventory:

Hand Weapons
 a - a +1 scimitar of slicing (weapon)
 d - the +9 hunting sling of Symmetry {venom, MR+ MP-9 Dex+2 SInv}
   (You took it off Edmund on level 4 of the Dungeon)

   It poisons the ammo it fires.
   It affects your dexterity (+2).
   It affects your resistance to hostile enchantments.
   It affects your magic capacity (-9).
   It lets you see invisible.
 J - a +1 great sword of flaming
Missiles
 q - 33 sling bullets
 y - 255 stones (quivered)
 A - 2 throwing nets
Armour
 c - a +0 shield
 i - a +4 ring mail of fire resistance
 j - a +0 pair of gloves (worn)
 z - a +0 pair of boots (worn)
 B - a +1 cloak (worn)
 L - a +3 chain mail of fire resistance (worn)
Jewellery
 s - an uncursed ring of poison resistance
 t - an uncursed ring of protection from magic
 u - an amulet of regeneration (around neck)
 F - an uncursed ring of protection from cold
 K - a cursed -3 ring of intelligence
 R - a ring of protection from cold (left hand)
 T - the ring of Zaafeol (right hand) {+Inv Int-5 Dex+3 Slay+3 SInv}
   (You found it on level 3 of the Lair of Beasts)

   [ring of dexterity]

   It affects your intelligence (-5).
   It affects your dexterity (+3).
   It affects your accuracy and damage with ranged weapons and melee attacks
   (+3).
   It lets you see invisible.
   It lets you turn invisible.
Wands
 m - a wand of iceblast (8)
 C - a wand of disintegration (10)
 G - a wand of flame (97)
 S - a wand of enslavement (15)
Scrolls
 b - a scroll of enchant weapon
 l - 6 scrolls of teleportation
 n - 2 scrolls of amnesia
 o - 6 scrolls of identify
 D - 2 scrolls of blinking
 I - a scroll of fog
 N - 3 scrolls of enchant armour
Potions
 e - a potion of resistance
 g - a potion of haste
 h - 2 potions of curing
 k - 2 potions of ambrosia
 w - 5 potions of flight
 x - a potion of magic
 H - 2 potions of brilliance
 P - a potion of heal wounds
Books
 p - a book of Necromancy

   Spells                             Type                      Level
   a - Pain                           Necromancy                   1
   b - Animate Skeleton               Necromancy                   1
   c - Vampiric Draining              Necromancy                   3
   d - Regeneration                   Charms/Necromancy            3
   e - Animate Dead                   Necromancy                   4
   f - Borgnjor's Vile Clutch         Necromancy/Earth             5
 r - a book of Frost

   Spells                             Type                      Level
   a - Freeze                         Ice                          1
   b - Throw Frost                    Conjuration/Ice              2
   c - Ozocubu's Armour               Charms/Ice                   3
   d - Throw Icicle                   Conjuration/Ice              4
   e - Summon Ice Beast               Ice/Summoning                4
 v - a book of Flames

   Spells                             Type                      Level
   a - Flame Tongue                   Conjuration/Fire             1
   b - Throw Flame                    Conjuration/Fire             2
   c - Conjure Flame                  Conjuration/Fire             3
   d - Inner Flame                    Hexes/Fire                   3
   e - Sticky Flame                   Conjuration/Fire             4
   f - Fireball                       Conjuration/Fire             5
 E - a book of Changes

   Spells                             Type                      Level
   a - Beastly Appendage              Transmutation                1
   b - Sticks to Snakes               Transmutation                2
   c - Spider Form                    Transmutation/Poison         3
   d - Ice Form                       Ice/Transmutation            4
   e - Blade Hands                    Transmutation                5
 Q - a book of Misfortune

   Spells                             Type                      Level
   a - Confusing Touch                Hexes                        1
   b - Confuse                        Hexes                        3
   c - Gell's Gravitas                Translocation                3
   d - Petrify                        Transmutation/Earth          4
   e - Metabolic Englaciation         Hexes/Ice                    5
   f - Yara's Violent Unravelling     Hexes/Transmutation          5
Miscellaneous
 M - a lamp of fire (inert)
Comestibles
 f - 23 rations


   Skills:
 - Level 7.0 Fighting
 * Level 16.5 Long Blades
 - Level 6.0 Slings
 + Level 5.5 Armour
 + Level 12.1 Dodging
 - Level 3.0 Shields
 + Level 5.5 Invocations


You had 5 spell levels left.
You knew the following spells:

 Your Spells              Type           Power        Failure   Level  Hunger
a - Regeneration          Chrm/Necr      #.........   100%        3    ####...
b - Borgnjor's Vile Clut  Necr/Erth      #.........   100%        5    ######.


Dungeon Overview and Level Annotations

Branches:
Dungeon (11/15)            Temple (0/1) D:6            Lair (5/6) D:9
 Shoals (0/4) Lair:4       Spider (0/4) Lair:2        Slime (0/5) Lair:5
    Orc (1/2) D:9

Altars:
Cheibriados
Fedhas
Okawaru
Qazlal
Uskayaw
Yredelemnul
Zin
The Shining One
Jiyva

Shops:
D:5 =

Annotations:
Lair:1 exclusion: 2 oklob plants
Lair:5 Nessos


Message History

* * * LOW HITPOINT WARNING * * *
The arrow burns you.
You are poisoned.
* * * LOW HITPOINT WARNING * * *
Unknown command.
Unknown command.
You feel better. The water moccasin closely misses you.
You riposte.
You completely miss the water moccasin.
Nessos unwields an uncursed longbow of flaming.
It stops flaming.
Nessos hits you!
* * * LOW HITPOINT WARNING * * *
Okay, then.
Blink to where?
Press: ? - help, Dir - move target cursor, p - Nessos You are very lightly contaminated with residual magic.
As you read the scroll of blinking, it crumbles to dust.
Nessos wields an uncursed longbow of flaming.
It bursts into flame!
Nessos shoots an arrow.
The arrow hits you!!
You die...
Your body rises from the dead as a mindless zombie.

....... .P.... .......
..... . .$..... ....#..
....... ......
............#
............##
>....§.#....P##
_...(..@......#
..W(...........
..S.....$......
###(.............
##$cz.............
##.(...............
##.#..P.#.#.........#.PP
#........................
#.#..................≈≈≈≈..


You could see Nessos, a water moccasin, a friendly wraith and a friendly flying
skull.

Vanquished Creatures
  A frost giant (IceCv)
  A red draconian (Volcano)
  The ghost of Ezendos the Grappler, a journeyman TrAM of Elyvilon (D:10)
  Josephine (D:10)
  2 catoblepae
  A hydra (Lair:4)
  A centaur warrior (Volcano)
  A two-headed ogre (D:9)
  Nergalle (D:11)
  The ghost of Sayani the Cleaver, a novice MiBe of Trog (D:7)
  The ghost of Tiamon the Severer, a novice MiFi of Yredelemnul (D:8)
  A cyclops (D:11)
  2 manticores (D:11)
  An oklob plant (Lair:1)
  An ugly thing (D:11)
  7 elephants
  Psyche (D:9)
  An ice statue (IceCv)
  9 spiny frogs
  A kobold demonologist (D:11)
  2 komodo dragons
  A yaktaur (Volcano)
  The ghost of Gorglomux the Skirmisher, an amateur CeWz (D:3)
  16 polar bears
  3 trolls
  A hornet (D:9)
  8 blink frogs
  5 hippogriffs
  32 yaks
  5 wraiths (D:10)
  Eustachio (D:6)
  3 fire bats (Lair:1)
  3 hungry ghosts
  A warg (D:9)
  Menkaure (D:7)
  Edmund (D:4)
  3 water moccasins
  9 porcupines
  An ice beast (D:10)
  A black bear (D:7)
  3 orc warriors
  4 phantoms
  4 sky beasts
  7 ogres
  11 wolves (IceCv)
  5 centaurs
  5 crocodiles
  2 big kobolds
  Blork the orc (D:4)
  10 bullfrogs
  A wyvern zombie (D:7)
  3 scorpions
  5 killer bees (D:11)
  5 wights (D:7)
  3 electric eels (D:9)
  3 crimson imps
  7 orc priests
  A bullfrog skeleton (D:8)
  3 hounds
  7 orc wizards
  Crazy Yiuf (D:2)
  Terence (D:2)
  2 iguanas
  7 worker ants
  A hound skeleton (D:11)
  16 gnolls
  8 adders
  10 white imps (Lair:4)
  An ooze (D:1)
  An adder zombie (D:5)
  An adder skeleton (D:4)
  3 dart slugs
  5 leopard geckos
  37 orcs
  8 giant cockroaches
  13 goblins
  10 hobgoblins
  11 jackals
  20 kobolds
  5 quokkas
  8 bats
  4 frilled lizards
  2 quokka skeletons
  10 rats
409 creatures vanquished.

Vanquished Creatures (collateral kills)
  A death yak (IceCv)
  An elephant (Lair:3)
  A spiny frog (Lair:2)
  A rime drake (Lair:2)
  A polar bear (IceCv)
  2 hippogriffs
  3 blink frogs
  3 yaks (IceCv)
  A basilisk (Lair:2)
  4 water moccasins
  2 wolves (IceCv)
  A crocodile (Lair:2)
  A scorpion (Lair:4)
  2 orc priests (Orc:1)
  An orc wizard (Orc:1)
  2 white imps (Lair:4)
  2 fungi (Lair:4)
  A plant (Lair:4)
30 creatures vanquished.

Vanquished Creatures (others)
  An unseen horror (D:11)
  A polar bear (IceCv)
  7 flying skulls
  A vampire (IceCv)
  A wraith (IceCv)
  2 wolves (IceCv)
  3 wights
  An orc (Orc:1)
  A bush (Lair:1)
  3 fungi (Lair:1)
  A plant (Lair:1)
22 creatures vanquished.

Grand Total: 461 creatures vanquished

Notes
Turn   | Place    | Note
-------+----------+-------------------------------------------
     0 | D:1      | inmateoo the Human Fighter began the quest for the Orb.
     0 | D:1      | Reached XP level 1. HP: 18/18 MP: 1/1
    91 | D:1      | Reached XP level 2. HP: 24/24 MP: 2/2
   301 | D:1      | Reached XP level 3. HP: 29/29 MP: 3/3
   505 | D:1      | Reached skill level 1 in Dodging
   975 | D:2      | Found a snail-covered altar of Cheibriados.
  1006 | D:2      | Reached XP level 4. HP: 34/35 MP: 4/4
  1010 | D:2      | Found a glowing silver altar of Zin.
  1089 | D:2      | Reached skill level 3 in Long Blades
  1099 | D:2      | Noticed Terence
  1107 | D:2      | Killed Terence
  1258 | D:2      | Found a basalt altar of Yredelemnul.
  1294 | D:2      | Became a worshipper of Yredelemnul the Dark
  1327 | D:2      | Found a runed door.
  1639 | D:2      | Noticed Crazy Yiuf
  1645 | D:2      | Killed Crazy Yiuf
  1645 | D:2      | Reached XP level 5. HP: 38/41 MP: 5/5
  1870 | D:3      | Found an iron altar of Okawaru.
  1926 | D:3      | Noticed Gorglomux's ghost (amateur CeWz)
  1950 | D:3      | Killed Gorglomux's ghost
  1950 | D:3      | Reached skill level 4 in Long Blades
  1950 | D:3      | Reached XP level 6. HP: 19/48 MP: 6/6
  1950 | D:3      | Reached XP level 7. HP: 22/54 MP: 7/7
  2249 | D:4      | Reached * piety under Yredelemnul
  2455 | D:4      | Reached skill level 5 in Long Blades
  2672 | D:4      | Noticed Edmund
  3192 | D:4      | Reached XP level 8. HP: 61/61 MP: 8/8
  3197 | D:4      | Noticed Blork the orc
  3213 | D:4      | Reached skill level 6 in Long Blades
  3219 | D:4      | Killed Blork the orc
  3427 | D:4      | Killed Edmund
  3429 | D:4      | Got a steaming hunting sling
  3517 | D:4      | Reached skill level 5 in Fighting
  3519 | D:4      | Identified the +9 hunting sling of Symmetry {venom, MR+ MP-9 Dex+2 SInv} (You took it off Edmund on level 4 of the Dungeon)
  3892 | D:5      | Entered Level 5 of the Dungeon
  3958 | D:5      | Found Tunieh's Jewellery Boutique.
  4100 | D:5      | Reached skill level 7 in Long Blades
  4100 | D:5      | Reached skill level 1 in Slings
  4597 | D:6      | Noticed Eustachio
  4612 | D:6      | Killed Eustachio
  4655 | D:6      | Found a basalt altar of Yredelemnul.
  4750 | D:6      | Found a staircase to the Ecumenical Temple.
  4790 | D:6      | Reached XP level 9. HP: 64/68 MP: 0/9
  4802 | D:6      | Found a stormy altar of Qazlal.
  4829 | D:6      | Reached skill level 5 in Dodging
  5034 | D:6      | Reached skill level 8 in Long Blades
  5241 | D:6      | Reached ** piety under Yredelemnul
  5858 | D:7      | Noticed Menkaure
  5863 | D:7      | Killed Menkaure
  5987 | D:7      | Reached skill level 9 in Long Blades
  6170 | D:7      | Noticed Sayani's ghost (novice MiBe)
  6253 | D:6      | Learned a level 3 spell: Regeneration
  6259 | D:6      | Learned a level 5 spell: Borgnjor's Vile Clutch
  6553 | D:7      | Found a glowing golden altar of the Shining One.
  6589 | D:7      | Reached XP level 10. HP: 46/74 MP: 10/10
  6983 | D:8      | Noticed Tiamon's ghost (novice MiFi)
  7554 | D:8      | Found a hide-covered altar of Uskayaw.
  7750 | D:9      | Reached *** piety under Yredelemnul
  7750 | D:9      | Reached skill level 10 in Long Blades
  7750 | D:9      | Reached skill level 5 in Slings
  7942 | D:9      | Found a staircase to the Orcish Mines.
  8058 | D:9      | Found a staircase to the Lair.
  8074 | D:9      | Paralysed by a hornet for 3 turns
  8077 | D:9      | HP: 2/74 [hornet (9)]
  8409 | D:9      | Noticed a two-headed ogre
  8411 | D:9      | Noticed Psyche
  8471 | D:9      | Killed a two-headed ogre
  8622 | D:9      | Killed Psyche
  8622 | D:9      | Reached skill level 11 in Long Blades
  8695 | D:9      | Reached XP level 11. HP: 70/79 MP: 11/11
  9244 | D:10     | Entered Level 10 of the Dungeon
  9283 | D:10     | Noticed Ezendos's ghost (journeyman TrAM)
  9309 | Lair:1   | Entered Level 1 of the Lair of Beasts
  9383 | Lair:1   | Found a dark tunnel.
  9438 | Volcano  | Entered a volcano
  9461 | Volcano  | Noticed a centaur warrior
  9486 | Volcano  | Killed a centaur warrior
  9486 | Volcano  | Reached skill level 12 in Long Blades
  9683 | Volcano  | Noticed a red draconian
  9709 | Volcano  | Killed a red draconian
  9910 | Lair:1   | Noticed an oklob plant
  9920 | Lair:1   | Killed an oklob plant
  9922 | Lair:1   | Got a pitted scale mail
  9935 | Lair:1   | Identified the cursed +1 scale mail "Puni" {Int+3} (You found it on level 1 of the Lair of Beasts)
  9959 | Lair:1   | Noticed an oklob plant
  9959 | Lair:1   | Noticed an oklob plant
 10265 | Lair:1   | Reached skill level 13 in Long Blades
 10437 | Lair:1   | Got a spiked ring mail
 10589 | Lair:1   | Reached XP level 12. HP: 77/86 MP: 12/12
 11159 | D:10     | Found a blossoming altar of Fedhas.
 11401 | D:10     | Noticed Josephine
 11408 | D:10     | Killed Josephine
 11408 | D:10     | Reached skill level 10 in Dodging
 11421 | D:10     | Reached skill level 14 in Long Blades
 11893 | D:11     | Reached **** piety under Yredelemnul
 12082 | D:11     | Noticed Nergalle
 12104 | D:11     | Killed Nergalle
 12516 | D:11     | Killed an unseen horror
 12540 | D:11     | Received a gift from Yredelemnul (a wight)
 12666 | D:11     | HP: 1/86 [white ugly thing (34)]
 13155 | D:7      | Killed Sayani's ghost
 13155 | D:7      | Reached XP level 13. HP: 91/91 MP: 13/13
 13276 | D:8      | Killed Tiamon's ghost
 13276 | D:8      | Reached skill level 15 in Long Blades
 13691 | D:10     | Killed Ezendos's ghost
 13772 | Orc:1    | Entered Level 1 of the Orcish Mines
 13827 | D:9      | Received a gift from Yredelemnul (3 flying skulls)
 14128 | Lair:2   | Reached skill level 1 in Invocations
 14150 | Lair:2   | Received a gift from Yredelemnul (a wight)
 14573 | Lair:2   | Found a hole to the Spider Nest.
 14691 | Lair:2   | Noticed a catoblepas
 14707 | Lair:2   | Killed a catoblepas
 14708 | Lair:2   | Received a gift from Yredelemnul (a wight)
 15005 | Lair:3   | Got a heavily runed platinum ring
 15006 | Lair:3   | Identified the ring of Zaafeol {+Inv Int-5 Dex+3 Slay+3 SInv} (You found it on level 3 of the Lair of Beasts)
 15018 | Lair:3   | Identified the +0 ring mail of Mumblety Peg {Int+2 Stlth+} (You found it on level 1 of the Lair of Beasts)
 15138 | Lair:3   | Received a gift from Yredelemnul (a wraith)
 15201 | Lair:3   | Noticed a catoblepas
 15229 | Lair:3   | Killed a catoblepas
 15987 | Lair:4   | Noticed a six-headed hydra
 15992 | Lair:4   | Killed a five-headed hydra
 15992 | Lair:4   | Reached skill level 16 in Long Blades
 15995 | Lair:4   | Found a frozen archway.
 15997 | Lair:4   | Reached ***** piety under Yredelemnul
 16052 | IceCv    | Entered an ice cave
 16529 | IceCv    | Received a gift from Yredelemnul (a wraith)
 16653 | IceCv    | Reached XP level 14. HP: 96/101 MP: 17/17
 16799 | IceCv    | Received a gift from Yredelemnul (a vampire)
 16880 | IceCv    | Reached skill level 5 in Armour
 16975 | IceCv    | Received a gift from Yredelemnul (5 flying skulls)
 16996 | IceCv    | Reached skill level 5 in Invocations
 17250 | IceCv    | Noticed a frost giant
 17268 | IceCv    | Killed a frost giant
 17781 | Lair:4   | Found a staircase to the Shoals.
 17961 | Lair:5   | Got a faintly glowing scale mail
 17976 | Lair:5   | Identified the +1 scale mail of Trog's Envy {+Inv Str+3} (You found it on level 5 of the Lair of Beasts)
 18000 | Lair:5   | Noticed Nessos
 18013 | Lair:5   | Found a viscous altar of Jiyva.
 18013 | Lair:5   | Found a staircase to the Slime Pits.
 18013 | Lair:5   | Shot with an arrow by Nessos

Skill      XL: |  1  2  3  4  5  6  7  8  9 10 11 12 13 14 |
---------------+-------------------------------------------+-----
Dodging        | 1 2 3 4 6 7 9 10 11 12 | 12.1
Long Blades    | 3 4 5 7 9 11 13 14 16 | 16.5
Fighting       | 4 5 6 7 |  7.0
Armour         | 4 5 |  5.5
Slings         | 2 4 6 |  6.0
Invocations    | 4 5 |  5.5
Shields        | |  3.0

Action                   |  1- 3 |  4- 6 |  7- 9 | 10-12 | 13-15 || total
-------------------------+-------+-------+-------+-------+-------++-------
Melee: Long sword        |    94 |    96 |   259 |     8 |       ||   457
       Scimitar          |       |       |       |   602 |   182 ||   784
       Great sword       |       |       |       |    23 |   256 ||   279
 Fire: Hunting sling     |       |       |    88 |    55 |    61 ||   204
Invok: Injury Mirror     |       |       |       |     2 |       ||     2
       Recall Undead Sla |       |       |       |       |     5 ||     5
       Animate Dead      |       |       |       |       |     1 ||     1
Evoke: Wand              |       |       |       |    39 |    18 ||    57
       Phantom mirror    |       |       |       |     1 |       ||     1
       Lamp of fire      |       |       |       |     1 |     1 ||     2
  Use: Scroll            |     3 |     2 |    13 |     7 |     8 ||    33
       Potion            |       |       |     1 |    11 |     6 ||    18
 Stab: Paralysed         |       |       |       |     5 |       ||     5
       Distracted        |       |       |       |       |     5 ||     5
  Eat: Chunk             |       |     4 |    15 |    24 |     2 ||    45
       Ration            |       |       |       |     1 |     5 ||     6
Armor: Scale mail        |    38 |       |       |   105 |    53 ||   196
       Ring mail         |    13 |    39 |    96 |   112 |       ||   260
       Chain mail        |       |       |       |       |   153 ||   153
Dodge: Dodged            |    52 |    62 |   191 |   441 |   335 ||  1081
       Rpst.: Long sword |    19 |    22 |    49 |     2 |       ||    92
       Scimitar          |       |       |       |   107 |    33 ||   140
       Great sword       |       |       |       |       |    45 ||    45
